 Dungeon Crawl Stone Soup version 0.32-a0-630-g46d191b0ed (webtiles) character file.

Game seed: 12295169935658504054

680 gimp the Slasher (level 7, -9/52 HPs)
             Began as a Vampire Gladiator on Mar 7, 2024.
             Mangled by an ogre
             ... wielding a +0 giant spiked club
              (12 damage)
             ... on level 4 of the Dungeon.
             The game lasted 00:11:34 (3820 turns).

gimp the Slasher (Vampire Gladiator)                Turns: 3820, Time: 00:11:34

Health: -9/52      AC:  5    Str: 19    XL:     7   Next: 34%
Magic:  7/7        EV: 14    Int: 10    God:
Gold:   22         SH:  0    Dex: 18    Spells: 4/6 levels left

rFire   . . .        a - +0 long sword
rCold   . . .        (no shield)
rNeg    . . .        b - +0 leather armour
rPois   +            c - +0 helmet
rElec   .            (no cloak)
rCorr   .            (no gloves)
SInv    +            C - +0 pair of boots
Will    .....        (no amulet)
Stlth   +            g - ring of poison resistance
HPRegen 0.48/turn    D - +6 ring of strength
MPRegen 0.10/turn

%: no passive effects
@: healing quickly
A: alive, fangs 3, see invisible, vampiric 2
a: Exsanguinate


You were on level 4 of the Dungeon.
You visited 1 branch of the dungeon, and saw 4 of its levels.
You also visited: Sewer.

You collected 150 gold pieces.
You spent 128 gold pieces at shops.

Inventory:

Hand Weapons
 a - a +0 long sword (weapon)
Missiles
 d - 3 throwing nets (quivered)
 e - a javelin
 r - 6 poisoned darts
Armour
 b - a +0 leather armour (worn)
 c - a +0 helmet (worn)
 j - a +0 ring mail
 C - a +0 pair of boots (worn)
Jewellery
 g - a ring of poison resistance (left hand)
 n - a ring of willpower
 t - a +6 ring of strength
 x - the ring "Ydoaca" {rC+ MP+9 Str+2}
   (You found it on level 3 of the Dungeon)

   [ring of magical power]

   Str+2:     It affects your strength (+2).
   rC+:       It protects you from cold.
   MP+9:      It affects your magic capacity (+9).
 A - an amulet of guardian spirit
 D - a +6 ring of strength (right hand)
Wands
 y - a wand of warping (9)
 z - a wand of flame (29)
Scrolls
 f - 2 scrolls of blinking
 h - a scroll of summoning {unknown}
 i - 4 scrolls of enchant armour {unknown}
 k - a scroll of vulnerability {unknown}
 l - 2 scrolls of torment {unknown}
 p - 2 scrolls of amnesia {unknown}
 q - 3 scrolls of poison {unknown}
 v - 2 scrolls of teleportation {unknown}
 w - 2 scrolls of brand weapon
Potions
 m - a potion of ambrosia
 o - 4 potions of curing
 s - a potion of attraction
 u - 4 potions of might
 B - a potion of heal wounds {unknown}


   Skills:
 - Level 3.0 Fighting
 * Level 6.6 Long Blades
 - Level 1.5 Throwing
 + Level 4.9 Dodging
 + Level 4.5 Hexes


You had 4 spell levels left.
You knew the following spells:

 Your Spells              Type           Power      Damage    Failure   Level
a - Jinxbite              Hex            18%        N/A       11%         2

Your spell library contained the following spells:

 Spells                   Type           Power      Damage    Failure   Level
 Yara's Violent Unravell  Hex/Alch       2%         3d3       99%         5
 Enfeeble                 Hex            4%         N/A       100%        7


Dungeon Overview and Level Annotations

Branches:
Dungeon (4/15)              Sewer (visited)
 Temple: D:4-7

Altars:
Gozag
Vehumet
Yredelemnul

Shops:
D:2 (?!(   D:4 :!(


Innate Abilities, Weirdness & Mutations

Your natural rate of healing is accelerated.
You have razor-sharp teeth.
You have supernaturally acute eyesight. (SInv)
You are afflicted with vampirism and can become a bat while bloodless.


Message History

You closely miss the iguana.
The iguana is severely wounded.
The iguana closely misses you. The iguana completely misses you.
You hit the iguana but do no damage.
The iguana is severely wounded.
The iguana closely misses you.
You hit the iguana.
The iguana is almost dead.
The iguana bites you.
You take 5 damage, and have 35/52 hp.
You hit the iguana.
You kill the iguana!
No target in view!
No target in view!
There is an entrance to Udiriasu's Weapon Shop here.
Health restored: 52
v - 2 scrolls labelled SIANOILANG (gained 1)
D - a +6 ring of strength
Found a stone staircase leading down.
You now have 82 gold pieces (gained 9).
Found Deqoykh's Distillery.
A ribbon worm comes into view.
A ribbon worm is nearby!
There is an entrance to Deqoykh's Distillery here.
o - 3 potions of curing (gained 1);
o - 4 potions of curing (gained 1) Thank you for shopping at Deqoykh's Distillery!
The ribbon worm expels a string of sticky webbing.
The stream of webbing hits you but does no damage.
You are caught in a web!
There is a web here.
You are caught in a web!
You are caught in a web!
You are caught in a web!
The web tears apart.
The ribbon worm bites you.
You take 2 damage, and have 50/52 hp.
You hit the ribbon worm.
The ribbon worm is moderately wounded.
The ribbon worm bites you.
You take 1 damage, and have 49/52 hp.
You slash the ribbon worm! You bite the ribbon worm.
You kill the ribbon worm!
No target in view!
No target in view!
A goblin comes into view. It is wielding a +0 dagger.
The goblin shouts!
Health restored: 52 A goblin is nearby!
Found a stone staircase leading down.
The goblin hits you but does no damage.
You hit the goblin.
The goblin is moderately wounded.
The goblin hits you but does no damage.
You slash the goblin!
You kill the goblin!
No target in view!
You see here a +0 dagger.
Found a stone staircase leading up.
You open the door.
Found a leather armour.
Key pressed, stopping explore.
There is an open door here.
There is an open door here.
You open the door.
There is an open door here.
You open the door.
There is an open door here.
Found a chain mail.
You see here a +0 chain mail.
Found a dagger.
An ogre comes into view. It is wielding a +0 giant spiked club.
An ogre is nearby!
Unknown command.
You feel stronger.
D - a +6 ring of strength (right hand)
Aiming: Throw Flame
Press: ? - help, Shift-Dir - straight line, f - ogre
Aim: an ogre, wielding a +0 giant spiked club (85% to hit)
The puff of flame hits the ogre.
The ogre is lightly wounded.
You hit the ogre but do no damage.
The ogre is lightly wounded.
The ogre barely misses you.
You completely miss the ogre.
The ogre is lightly wounded.
You hit the ogre but do no damage. You bite the ogre, but do no damage.
The ogre is lightly wounded.
The ogre hits you with a +0 giant spiked club!!
Ouch! That really hurt!
You take 26 damage, and have 26/52 hp.
MASSIVE DAMAGE!!
You are too injured to fight recklessly!
You barely miss the ogre.
The ogre is lightly wounded.
The ogre hits you with a +0 giant spiked club!!
* * * LOW HITPOINT WARNING * * *
You take 24 damage, and have 2/52 hp.
MASSIVE DAMAGE!!
You slash the ogre!
The ogre is heavily wounded.
You hit the ogre.
The ogre is heavily wounded.
The ogre hits you with a +0 giant spiked club!
You die...

# #.## ##.....##
###...# #.# ##.[.##
##.## #.# #+## #.#
#.# #. #.# #. #. #.#
##.######## #.#
##.........# #.#
.###.....####.# #.#
......O@#####.####.#
...................#
####.##.#####.######
#. #.# #.# . #.. ..#
# ### ####


You could see an ogre.

Vanquished Creatures
  Grinder (D:4)
  2 bullfrogs (Sewer)
  A bombardier beetle (D:3)
  2 iguanas (D:4)
  Natasha (thrice) (D:3)
  4 gnolls
  8 adders
  6 dart slugs (Sewer)
  2 ribbon worms
  11 ball pythons
  4 bats
  4 endoplasms
  15 giant cockroaches
  8 goblins
  2 hobgoblins
  4 jackals (D:2)
  4 quokkas
  9 frilled lizards
  6 kobolds
  3 rats
99 creatures vanquished.

Notes
Turn   | Place    | Note
-------+----------+-------------------------------------------
     0 | D:1      | gimp the Vampire Gladiator began the quest for the Orb.
     0 | D:1      | Reached XP level 1. HP: 16/16 MP: 1/1
   153 | D:1      | Reached XP level 2. HP: 15/22 MP: 2/2
   209 | D:1      | Noticed an eye of devastation
   211 | D:1      | Found a faded altar of an unknown god.
   213 | D:1      | Noticed a glass eye
   213 | D:1      | Noticed a great orb of eyes
   213 | D:1      | Noticed a glass eye
   601 | D:2      | Found Vikedur's Weapon Shop.
   696 | D:2      | Found Zosutap's Distillery.
   704 | D:2      | Bought a potion of curing for 36 gold pieces
   704 | D:2      | Bought a potion of degeneration for 12 gold pieces
   930 | D:1      | Gained mutation: You are afflicted with vampirism and can
                  | become a bat while bloodless. [Vampire growth]
   930 | D:1      | Reached XP level 3. HP: 18/28 MP: 3/3
  1000 | D:2      | Found Yrukaz's Weapon Boutique.
  1028 | D:1      | Reached skill level 4 in Long Blades
  1080 | D:2      | Reached XP level 4. HP: 19/35 MP: 4/4
  1134 | D:2      | Found Vulikow's Magic Scroll Emporium.
  1144 | D:2      | Bought a scroll of identify for 20 gold pieces
  1169 | D:2      | Learned a level 2 spell: Jinxbite
  1845 | D:3      | Noticed Natasha
  1857 | D:3      | Killed Natasha
  1858 | D:3      | Reached skill level 1 in Hexes
  1906 | D:3      | Noticed Natasha
  1920 | D:3      | Killed Natasha
  1921 | D:3      | Reached XP level 5. HP: 12/41 MP: 5/5
  2062 | D:3      | Reached skill level 5 in Long Blades
  2075 | D:3      | Identified the ring "Ydoaca" {rC+ MP+9 Str+2}
  2192 | D:3      | Found a basalt altar of Yredelemnul.
  2193 | D:3      | Found an opulent altar of Gozag.
  2342 | D:3      | Found a radiant altar of Vehumet.
  2477 | D:3      | Noticed Natasha
  2486 | D:3      | Killed Natasha
  2508 | D:4      | Found a glowing drain.
  2539 | Sewer    | Entered a sewer
  2674 | Sewer    | Reached XP level 6. HP: 47/47 MP: 6/6
  3169 | D:4      | Reached skill level 6 in Long Blades
  3216 | D:4      | Noticed Grinder
  3250 | D:4      | Paralysed by Grinder for 5 turns
  3259 | D:4      | Killed Grinder
  3260 | D:4      | Reached XP level 7. HP: 26/52 MP: 3/7
  3460 | D:4      | Found Defefale's Book Emporium.
  3498 | D:4      | Found Udiriasu's Weapon Shop.
  3626 | D:4      | Found Deqoykh's Distillery.
  3630 | D:4      | Bought a potion of curing for 30 gold pieces
  3630 | D:4      | Bought a potion of curing for 30 gold pieces
  3818 | D:4      | HP: 2/52 [ogre/+0 giant spiked club (24)]
  3820 | D:4      | Mangled by an ogre

Illustrated notes

Levels and vault maps discovered:
D:1:      dpeg_arrival_connections, layout_basic,
          hellmonk_ecumenical_altar_watching_god, kennysheep_flooded_box
D:2:      layout_basic, serial_shops, nicolae_shop_bloodbath_and_beyond,
          nicolae_shop_pleasant_corner_grove, shop, shop
D:3:      layout_loops_ring, vehumet_altar_wand_db, elyvilon_altar_5,
          nicolae_overflow_hidden_temple, uniq_natasha
D:4:      layout_loops_corners, portal_sewer_entry_f, serial_shops,
          nicolae_shop_trees, nicolae_lakefront_shop,
          nicolae_shop_getting_attention, nicolae_book_shop_shelving,
          kennysheep_generic_room_3, uniq_grinder

Skill      XL: |  1  2  3  4  5  6 |
---------------+-------------------+-----
Fighting       | 2 3 |  3.0
Long Blades    | 4 5 6 |  6.6
Hexes          | 1 2 4 |  4.5
Dodging        | 4 |  4.9
Throwing       | |  1.5

Action                     |  1- 3 |  4- 6 |  7- 9 || total
---------------------------+-------+-------+-------++-------
  Melee: Long sword        |    87 |   240 |    27 ||   354
         Bite              |     8 |    17 |     5 ||    30
   Cast: Jinxbite          |       |     5 |       ||     5
  Evoke: Wand              |       |       |     1 ||     1
    Use: Scroll            |       |     4 |       ||     4
   Stab: Sleeping          |     1 |       |       ||     1
 Armour: Leather armour    |    66 |   153 |    14 ||   233
  Dodge: Dodged            |    70 |   195 |    12 ||   277

Table legend: (Time is in decaauts)
 A = Elapsed time spent in this place.
 B = Non-inter-level travel time spent in this place.
 C = Inter-level travel time spent in this place.
 D = Time resting spent in this place.
 E = Time spent auto-exploring this place.
 F = Levels seen in this place.
 G = Mean time per level.
                   A        B        C        D        E       F      G
               +--------+--------+--------+--------+--------+-----+--------+
         Total |   3975 |   3782 |    193 |     87 |   2581 |   5 |  795.0 |
       Dungeon |   3284 |   3091 |    193 |     85 |   2205 |   4 |  821.0 |
         Sewer |    690 |    690 |      0 |      2 |    376 |   1 |  690.0 |
               +--------+--------+--------+--------+--------+-----+--------+

Top non-repeatable levels by time:
     D:3: 1005 daAuts
     D:2: 806 daAuts
     D:4: 753 daAuts
     D:1: 719 daAuts
   Sewer: 690 daAuts
